 Dungeon Crawl Stone Soup version 0.30-a0-777-ga9a30cbeda (webtiles) character file.

Game seed: 4292971335700520394

61422 jt the Warrior (level 14, -3/124 HPs)
             Began as a Mummy Fighter on Feb 14, 2023.
             Was an Initiate of Gozag.
             Slain by a deep troll earth mage (15 damage)
             ... on level 13 of the Dungeon.
             The game lasted 01:02:43 (20692 turns).

jt the Warrior (Mummy Fighter)                     Turns: 20692, Time: 01:02:43

Health: -3/124     AC: 23    Str: 19      XL:     14   Next: 60%
Magic:  14/14      EV:  7    Int: 10 (11) God:    Gozag
Gold:   376        SH: 10    Dex: 13      Spells: 12/13 levels left

rFire   + . .      SeeInvis +    a - +3 broad axe (vamp)
rCold   + + +      Faith    +    P - +0 kite shield
rNeg    + + +      Spirit   .    s - +2 chain mail {rF+}
rPois   ∞          Reflect  .    H - +2 helmet {SInv}
rElec   +          Harm     .    R - +1 cloak {rPois}
rCorr   +          Rampage  .    p - +1 pair of gloves
Will    ++...                    x - +2 pair of boots Stlth
                                 q - amulet of regeneration
HPRegen 1.20/turn                j - ring of protection from cold
MPRegen 0.14/turn                M - ring of willpower

@: mighty, resistant, hasted, very quick
A: cold resistance 1, negative energy resistance 3, torment resistance 2, heat
vulnerability 1, in touch with death 2, no potions, faith
a: Renounce Religion, Potion Petition, Call Merchant, Bribe Branch


You were on level 13 of the Dungeon.
You worshipped Gozag.
Gozag was aware of your devotion.
You visited 4 branches of the dungeon, and saw 20 of its levels.
You also visited: Bailey, Gauntlet and Ice Cave.

You collected 6612 gold pieces.
You spent 613 gold pieces at shops.
You paid 5623 gold pieces to Gozag.

Inventory:

Hand Weapons
 a - a +3 vampiric broad axe (weapon)
 m - the +6 flail of Retalaf {flame, Fly Will+ rCorr}
   (You found it on level 2 of the Dungeon)

   Fly:       It grants you flight.
   rCorr:     It protects you from acid and corrosion.
   Will:      It increases your willpower.
 n - a +0 war axe
 t - a +2 shortbow of flaming
 A - a +3 spear of venom
 E - a +1 war axe of draining
 K - a +5 trident
 N - a +2 vampiric hand axe
 O - the +7 great mace "Firestarter" {flame, inner flame, rFlCloud rF++}
   (You took it off a centaur warrior on level 13 of the Dungeon)

   rFlCloud:  It grants immunity to clouds of flame.
   rF:        It greatly protects you from fire.
 Q - a +1 hand crossbow of freezing
 V - a +2 trident of venom
 Y - a +0 quick blade
Missiles
 d - 32 boomerangs
 k - 7 javelins (quivered)
 y - 19 poisoned darts
 C - 3 throwing nets
 T - 6 atropa-tipped darts
Armour
 g - a +3 ring mail
 p - a +1 pair of gloves (worn)
 s - a +2 chain mail of fire resistance (worn)
 x - a +2 pair of boots (worn)
 D - the +3 ring mail of the Harp {rElec rPois Will+ Dex+4}
   (You bought it in a shop on level 2 of the Orcish Mines)

   Dex:       It affects your dexterity (+4).
   rElec:     It insulates you from electricity.
   rPois:     It protects you from poison.
   Will:      It increases your willpower.
 H - a +2 helmet of see invisible (worn)
 L - a +2 robe of resistance
 P - a +0 kite shield (worn)
 R - a +1 cloak of poison resistance (worn)
 S - a +3 leather armour of willpower
 Z - a +0 cloak of cold resistance
Magical Staves
 h - a staff of fire
 J - a staff of cold
Jewellery
 j - a ring of protection from cold (left hand)
 q - an amulet of regeneration (around neck)
 z - a ring of ice
 F - the ring of the Last Burning Loafs {rF+ rN+ Will+}
   (You took it off a centaur warrior on level 13 of the Dungeon)

   [ring of positive energy]

   rF:        It protects you from fire.
   rN:        It protects you from negative energy.
   Will:      It increases your willpower.
 M - a ring of willpower (right hand)
Wands
 u - a wand of paralysis (9)
 w - a wand of flame (12)
Scrolls
 c - a scroll of vulnerability
 e - 4 scrolls of immolation
 f - a scroll of magic mapping
 i - 2 scrolls of fog
 l - 4 scrolls of enchant armour
 o - 4 scrolls of teleportation
 r - a scroll of blinking
 v - 2 scrolls of silence
 B - 2 scrolls of poison
 I - a scroll of amnesia
Miscellaneous
 b - a box of beasts (inert)
 G - a piece from Xom's chessboard (15/15)
 U - a phial of floods


   Skills:
 + Level 15.7 Fighting
 * Level 14.0 Axes
 - Level 2.0 Throwing
 - Level 7.3 Armour
 - Level 2.0 Dodging
 + Level 6.9 Shields
 - Level 5.0 Evocations


You had 12 spell levels left.
You knew the following spells:

 Your Spells              Type           Power      Damage    Failure   Level
a - Apportation           Tloc           0%         N/A       100%        1

Your spell library contained the following spells:

 Spells                   Type           Power      Damage    Failure   Level
 Magic Dart               Conj           0%         1d3       100%        1
 Call Imp                 Summ           0%         N/A       100%        2
 Gell's Gravitas          Tloc           0%         N/A       100%        3
 Hailstorm                Conj/Ice       0%         3d3       100%        3
 Mephitic Cloud           Conj/Pois/Air  0%         N/A       100%        3
 Teleport Other           Tloc           0%         N/A       100%        3
 Leda's Liquefaction      Hex/Erth       0%         N/A       100%        4
 Agony                    Necr           0%         N/A       100%        5
 Alistair's Intoxication  Tmut/Pois      0%         N/A       100%        5
 Lee's Rapid Deconstruct  Erth           0%         3d4*      100%        5
 Dispersal                Tloc           0%         N/A       100%        6
 Enfeeble                 Hex            0%         N/A       100%        7
 Sublimation of Blood     Necr           Unusable   N/A       N/A         2
 Ice Form                 Ice/Tmut       Unusable   N/A       N/A         4
 Simulacrum               Ice/Necr       Unusable   N/A       N/A         6
 Statue Form              Tmut/Erth      Unusable   N/A       N/A         6

Dungeon Overview and Level Annotations

Branches:
Dungeon (13/15)            Temple (0/1) D:7            Lair (4/5) D:10
  Swamp (1/4) Lair:2       Spider (0/4) Lair:3          Orc (2/2) D:10
    Elf (0/3) Orc:2        Vaults (0/5) D:13         Bailey (visited)
  IceCv (visited)         Gauntlet (visited)
  Slime: Lair:4-5

Altars:
Dithmenos
Fedhas
Gozag
Hepliaklqana
Kikubaaqudgha
Makhleb
Nemelex Xobeh
Okawaru
Qazlal
Trog
Uskayaw
Yredelemnul

Shops:
D:8 *   Orc:2 (![!?

Annotations:
Swamp:1 1 transporter


Innate Abilities, Weirdness & Mutations

You are immune to poison.
Your flesh is cold resistant. (rC+)
You are immune to negative energy. (rN+++)
You are immune to unholy pain and torment.
You are vulnerable to heat. (rF-)
You are strongly in touch with the powers of death.
You do not drink.
You have a special connection with the divine. (Faith)


Message History

You hit the deep troll earth mage but do no damage.
The deep troll earth mage is heavily wounded.
The deep troll earth mage barely misses you.
The deep troll earth mage claws you but does no damage. x2
You closely miss the deep troll earth mage.
The deep troll earth mage is heavily wounded.
The deep troll earth mage bites you!
The deep troll earth mage claws you but does no damage. x2
You hit the deep troll earth mage but do no damage.
The deep troll earth mage is heavily wounded.
You block the deep troll earth mage's attack.
The deep troll earth mage closely misses you.
The deep troll earth mage claws you!
You hit the deep troll earth mage but do no damage.
The deep troll earth mage is heavily wounded.
The deep troll earth mage closely misses you.
The deep troll earth mage claws you but does no damage. x2
You hit the deep troll earth mage but do no damage.
The deep troll earth mage is heavily wounded.
The deep troll earth mage bites you! The deep troll earth mage claws you.
* * * LOW HITPOINT WARNING * * *
The deep troll earth mage claws you.
* * * LOW HITPOINT WARNING * * *
You barely miss the deep troll earth mage.
The deep troll earth mage is heavily wounded.
The deep troll earth mage bites you!
* * * LOW HITPOINT WARNING * * *
The deep troll earth mage claws you!
* * * LOW HITPOINT WARNING * * *
You block the deep troll earth mage's attack. [a] - 350 gold - might and resistance [b] - 406 gold - might and resistance [c] - 696 gold - resistance, might and haste Purchase which effect?
You no longer have enough gold to petition Gozag for potion effects.
You no longer have enough gold to fund merchants seeking to open stores in the dungeon.
You feel protected.
You feel very mighty all of a sudden.
You feel yourself speed up. The deep troll earth mage bites you!
You die...
Your body crumbles into a pile of gold.

#.....# $ #....# #.....#
#....# #......# ##....#
#....T#.###### #)....#
#...$$.......# ##.....#
#....$$##.## ###.)....#
#.....$..#.####........#
##......)......)......##
#.......(((((.T@.....#
##.......)..........##
###..............###
################
########### #..........
#.......... ##.......##.
#...........
#...........


You could see a deep troll earth mage (poisoned).

Vanquished Creatures
  A minotaur (Gauntlet)
  An ettin (Orc:1)
  Josephine (D:11)
  3 vault guards
  3 hydras (D:13)
  A catoblepas (Lair:3)
  8 centaur warriors
  A boulder beetle (D:13)
  An alligator (Lair:2)
  2 ironbound frosthearts (IceCv)
  2 two-headed ogres
  2 deep troll earth magi (D:13)
  A tengu warrior (D:13)
  2 death yaks (IceCv)
  A spriggan druid (Lair:2)
  A swamp dragon (Lair:2)
  2 bog bodies (Lair:2)
  8 orc knights
  An orc sorcerer (Orc:2)
  2 deep elf pyromancers (D:13)
  2 ugly things
  A manticore (D:13)
  A worldbinder (Gauntlet)
  3 cyclopes
  5 cane toads
  4 black mambas
  An ice statue (IceCv)
  2 gargoyles
  A komodo dragon (shapeshifter) (D:13)
  A torpor snail (Lair:2)
  2 efreet (D:13)
  7 komodo dragons
  An unseen horror (D:11)
  2 rime drakes (Lair:2)
  7 trolls
  8 polar bears
  A tyrant leech (Lair:2)
  3 blink frogs (Lair:2)
  2 slime creatures (D:13)
  A vampire (D:13)
  7 wraiths
  2 wyverns
  A shadow (D:12)
  36 yaks
  A neqoxec (Gauntlet)
  2 basilisks
  9 humans
  A steam dragon (Lair:2)
  A death yak simulacrum (Lair:4)
  A chaos spawn (Gauntlet)
  7 wargs
  4 water moccasins
  2 acid dragons
  A swamp worm (Lair:2)
  A sky beast (D:6)
  36 orc warriors
  An ice beast (D:7)
  A black bear (D:4)
  2 ogres
  19 wolves
  12 centaurs
  A boggart (Gauntlet)
  2 phantoms
  4 kobold brigands
  8 bullfrogs
  2 gnoll sergeants
  8 scorpions
  13 wights
  3 killer bees (D:6)
  An electric eel (Lair:2)
  2 howler monkeys (D:11)
  3 hounds
  A gnoll bouda (D:5)
  4 jellies
  8 orc priests
  Terence (D:2)
  21 orc wizards
  4 iguanas
  8 hell rats (Lair:3)
  A polar bear simulacrum (Lair:4)
  24 gnolls
  12 adders
  A shadow imp (D:8)
  A white imp (D:6)
  An ufetubus (D:6)
  7 worms
  A dart slug (D:2)
  94 orcs
  8 endoplasms
  6 giant cockroaches
  9 goblins
  6 hobgoblins
  4 jackals (D:5)
  24 kobolds
  4 quokkas
  6 ball pythons
  4 bats
  8 frilled lizards
  8 rats
569 creatures vanquished.

Vanquished Creatures (collateral kills)
  Erica (Lair:1)
  An orange crystal statue (Gauntlet)
  An ugly thing (D:13)
  A hornet (D:13)
  8 orc warriors
  A bullfrog (Lair:1)
  An orc priest (Orc:2)
  6 orcs (Orc:2)
20 creatures vanquished.

Vanquished Creatures (others)
  A two-headed ogre (D:8)
  A bloated husk (Swamp:1)
  3 orc warriors (Orc:2)
  2 orc priests (Orc:2)
  An orc wizard (Orc:2)
  8 orcs (Orc:2)
  29 demonic plants (Gauntlet)
  5 fungi
  6 plants
56 creatures vanquished.

Grand Total: 645 creatures vanquished

Notes
Turn   | Place    | Note
-------+----------+-------------------------------------------
     0 | D:1      | jt the Mummy Fighter began the quest for the Orb.
     0 | D:1      | Reached XP level 1. HP: 18/18 MP: 1/1
   233 | D:1      | Reached XP level 2. HP: 24/24 MP: 2/2
   637 | D:2      | Gained mutation: You are in touch with the powers of death.
                  | [Mummy growth]
   637 | D:2      | Reached XP level 3. HP: 28/29 MP: 3/3
   731 | D:2      | Identified the +6 flail of Retalaf {flame, Fly Will+ rCorr}
   979 | D:2      | Reached XP level 4. HP: 35/35 MP: 4/4
  1390 | D:2      | Noticed Terence
  1395 | D:2      | Killed Terence
  1597 | D:3      | Found a hide-covered altar of Uskayaw.
  1993 | D:3      | Found a burning altar of Makhleb.
  1993 | D:3      | Noticed an Executioner
  2011 | D:3      | Noticed a neqoxec
  2011 | D:3      | Noticed an orange demon
  2066 | D:3      | Reached XP level 5. HP: 42/42 MP: 5/5
  2147 | D:3      | Found an opulent altar of Gozag.
  2161 | D:3      | Became a worshipper of Gozag Ym Sagoz the Greedy
  2285 | D:4      | Reached skill level 4 in Fighting
  2334 | D:4      | Noticed a black bear
  2340 | D:4      | Killed a black bear
  2341 | D:4      | Reached skill level 1 in Dodging
  2341 | D:4      | Reached XP level 6. HP: 45/48 MP: 6/6
  2535 | D:4      | Found a basalt altar of Yredelemnul.
  2545 | D:4      | Noticed a profane servitor
  2556 | D:4      | Noticed an angel
  2702 | D:4      | Reached XP level 7. HP: 51/55 MP: 7/7
  3114 | D:5      | Entered Level 5 of the Dungeon
  3160 | D:5      | Found a bloodstained altar of Trog.
  3387 | D:5      | Reached skill level 1 in Evocations
  3390 | D:5      | Reached skill level 5 in Fighting
  3639 | D:5      | Found a hazy altar of Hepliaklqana.
  3831 | D:5      | Reached XP level 8. HP: 62/62 MP: 8/8
  3838 | D:5      | Found a stormy altar of Qazlal.
  3848 | D:5      | Found a sparkling altar of Nemelex Xobeh.
  4850 | D:6      | Reached skill level 6 in Fighting
  4864 | D:6      | Reached skill level 5 in Shields
  4888 | D:6      | Reached skill level 5 in Axes
  4942 | D:6      | Reached skill level 1 in Throwing
  4980 | D:6      | HP: 2/65 [wyvern (11)]
  4986 | D:6      | Reached XP level 9. HP: 23/71 MP: 9/9
  5406 | D:7      | Learned a level 1 spell: Apportation
  5444 | D:7      | Found an ancient bone altar of Kikubaaqudgha.
  5651 | D:7      | Reached skill level 7 in Fighting
  5680 | D:7      | Found a staircase to the Ecumenical Temple.
  6187 | D:8      | Found Igec's Elemental Accessories.
  6195 | D:8      | Bought a wand of flame (7) for 63 gold pieces
  6275 | D:8      | Found an iron altar of Okawaru.
  6398 | D:8      | Noticed a two-headed ogre
  6406 | D:8      | Killed a two-headed ogre
  6407 | D:8      | Reached skill level 8 in Fighting
  6407 | D:8      | Reached XP level 10. HP: 25/80 MP: 10/10
  6415 | D:8      | Found a flagged portal.
  6462 | Bailey   | Entered a bailey
  6870 | Bailey   | Noticed an orc knight
  6884 | Bailey   | Killed an orc knight
  7800 | D:9      | Reached skill level 9 in Fighting
  7867 | D:9      | Reached skill level 5 in Evocations
  8037 | D:9      | Found a blossoming altar of Fedhas.
  8037 | D:9      | Found a shadowy altar of Dithmenos.
  8307 | D:10     | Entered Level 10 of the Dungeon
  8608 | D:10     | Found a staircase to the Orcish Mines.
  8623 | D:10     | Noticed a gargoyle
  8627 | D:10     | Killed a gargoyle
  9357 | D:10     | Found a staircase to the Lair.
  9362 | Lair:1   | Entered Level 1 of the Lair of Beasts
  9362 | Lair:1   | Noticed Erica
  9405 | Lair:1   | Killed Erica
  9406 | Lair:1   | Reached skill level 10 in Fighting
  9406 | Lair:1   | Reached XP level 11. HP: 52/90 MP: 11/11
  9721 | Lair:1   | Found a gate leading to a gauntlet.
  9728 | Gauntlet | Entered a Gauntlet
  9728 | Gauntlet | Found a transporter.
  9736 | Gauntlet | Found a transporter.
  9740 | Gauntlet | Found a transporter.
  9740 | Gauntlet | Found a transporter.
  9755 | Gauntlet | Found a transporter.
  9770 | Gauntlet | Found a transporter.
  9772 | Gauntlet | Found a large runed translucent door.
  9772 | Gauntlet | Found a large runed translucent door.
  9773 | Gauntlet | Found a large runed translucent door.
  9773 | Gauntlet | Found a large runed translucent door.
  9774 | Gauntlet | Found a large runed translucent door.
  9774 | Gauntlet | Found a large runed translucent door.
  9774 | Gauntlet | Found a runed translucent door.
  9774 | Gauntlet | Found a runed translucent door.
  9774 | Gauntlet | Found a large runed translucent door.
  9774 | Gauntlet | Noticed a hell hog
  9775 | Gauntlet | Found a transporter.
  9790 | Gauntlet | Found a transporter.
  9805 | Gauntlet | Found a large runed translucent door.
  9806 | Gauntlet | Found a large runed translucent door.
  9807 | Gauntlet | Found a large runed translucent door.
  9807 | Gauntlet | Found a large runed translucent door.
  9808 | Gauntlet | Found a runed translucent gate.
  9809 | Gauntlet | Found a transporter.
  9809 | Gauntlet | Found a runed translucent gate.
  9809 | Gauntlet | Noticed an orange crystal statue
  9810 | Gauntlet | Found a runed translucent gate.
  9811 | Gauntlet | Found a large runed translucent door.
  9811 | Gauntlet | Found a large runed translucent door.
  9812 | Gauntlet | Found a large runed translucent door.
  9813 | Gauntlet | Found a large runed translucent door.
  9819 | Gauntlet | Noticed a hell hog
  9821 | Gauntlet | Found a transporter.
  9829 | Gauntlet | Noticed a hell beast
  9833 | Gauntlet | Found a transporter.
  9838 | Gauntlet | Found a transporter.
  9861 | Gauntlet | Found a transporter.
  9868 | Gauntlet | Found a transporter.
  9868 | Gauntlet | Found a transporter.
  9871 | Gauntlet | Noticed a tengu warrior
  9889 | Gauntlet | Noticed a thrashing horror
  9898 | Gauntlet | Found a transporter.
  9912 | Gauntlet | Found a transporter.
  9948 | Gauntlet | Found a transporter.
 10090 | Gauntlet | Found a large runed translucent door.
 10208 | Gauntlet | Killed an orange crystal statue
 10229 | Gauntlet | Noticed a minotaur
 10246 | Gauntlet | Killed a minotaur
 10311 | Gauntlet | Identified the +4 kite shield "Woppov" {Harm}
 10315 | Gauntlet | Got the Vellum of the Star-crossed Crypt
 10371 | Lair:1   | Reached skill level 11 in Fighting
 11512 | Lair:2   | Reached skill level 10 in Axes
 11603 | Lair:2   | Noticed a bog body
 11611 | Lair:2   | Killed a bog body
 11612 | Lair:2   | Reached skill level 12 in Fighting
 11787 | Lair:2   | Reached XP level 12. HP: 65/102 MP: 12/12
 12076 | Lair:2   | Found a staircase to the Swamp.
 12525 | Lair:3   | Found a hole to the Spider Nest.
 13330 | Lair:4   | Noticed a catoblepas
 13342 | Lair:3   | Reached skill level 5 in Armour
 13365 | Lair:3   | Killed a catoblepas
 13428 | Lair:4   | Found a frozen archway.
 13483 | IceCv    | Entered an ice cave
 13586 | IceCv    | Reached skill level 13 in Fighting
 13894 | IceCv    | Noticed a death yak
 13939 | IceCv    | Killed a death yak
 14083 | IceCv    | Noticed a death yak
 14083 | IceCv    | Noticed an ironbound frostheart
 14083 | IceCv    | Noticed an ironbound frostheart
 14090 | IceCv    | Killed an ironbound frostheart
 14090 | IceCv    | Killed an ironbound frostheart
 14095 | IceCv    | Killed a death yak
 14096 | IceCv    | Gained mutation: You are strongly in touch with the powers
                  | of death. [Mummy growth]
 14096 | IceCv    | Reached XP level 13. HP: 48/112 MP: 13/13
 14663 | Orc:1    | Entered Level 1 of the Orcish Mines
 14862 | Orc:1    | Reached skill level 14 in Fighting
 15009 | Orc:1    | Noticed an ettin
 15027 | Orc:1    | Killed an ettin
 15278 | Orc:2    | Entered Level 2 of the Orcish Mines
 15372 | Orc:2    | Found Zotipher's Antique Armour Boutique.
 15381 | Orc:2    | Bought a pair of glowing boots for 202 gold pieces
 15394 | Orc:2    | Bought a brightly glowing ring mail for 243 gold pieces
 15394 | Orc:2    | Identified the +3 ring mail of the Harp {rElec rPois Will+
                  | Dex+4} (You bought it in a shop on level 2 of the Orcish
                  | Mines)
 16841 | Orc:2    | Found Aceh's Distillery.
 16841 | Orc:2    | Found Safoxuep's Magic Scroll Shop.
 16855 | Orc:2    | Bought a scroll of teleportation for 45 gold pieces
 16855 | Orc:2    | Bought a scroll of poison for 60 gold pieces
 16888 | Orc:2    | Found a staircase to the Elven Halls.
 17187 | Orc:2    | Found Huzeqay's Antique Weapon Emporium.
 17187 | Orc:2    | Found Sesmomej's Distillery.
 17463 | Swamp:1  | Entered Level 1 of the Swamp
 17463 | Swamp:1  | Found a transporter.
 18108 | D:11     | Identified the +5 dagger of Doom {heavy, rF- rC+ Str+3
                  | Dex+2}
 18296 | D:11     | Noticed Josephine
 18312 | D:11     | Killed Josephine
 18809 | D:12     | Reached skill level 15 in Fighting
 19461 | D:12     | Reached XP level 14. HP: 95/123 MP: 14/14
 19625 | D:13     | Found a gate to the Vaults.
 20445 | D:13     | Identified the ring of the Last Burning Loafs {rF+ rN+
                  | Will+}
 20627 | D:13     | Noticed an azure jelly
 20627 | D:13     | an azure jelly changed into a death yak
 20629 | D:13     | a death yak changed into an emperor scorpion
 20629 | D:13     | Noticed an emperor scorpion (glowing shapeshifter)
 20633 | D:13     | an emperor scorpion changed into a minotaur
 20634 | D:13     | a minotaur changed into an emperor scorpion
 20634 | D:13     | Noticed an emperor scorpion (glowing shapeshifter)
 20652 | D:13     | an emperor scorpion changed into a ghost moth
 20652 | D:13     | Noticed a ghost moth (glowing shapeshifter)
 20655 | D:13     | a ghost moth changed into a spark wasp
 20658 | D:13     | an ettin changed into a broodmother
 20658 | D:13     | Noticed a broodmother (glowing shapeshifter)
 20662 | D:13     | a broodmother changed into an anaconda
 20671 | D:13     | a bunyip changed into a quicksilver ooze
 20671 | D:13     | Noticed a quicksilver ooze (glowing shapeshifter)
 20672 | D:13     | a quicksilver ooze changed into a great orb of eyes
 20692 | D:13     | Slain by a deep troll earth mage

Illustrated notes

Levels and vault maps discovered:
D:1:      giann_forest_graveyard, layout_rooms, minmay_misc_feat_five
D:2:      layout_basic, uniq_terence
D:3:      layout_loops_cross, grunt_temple_overflow_gold_and_silver,
          makhleb_altar_promises_db, mainiacjoe_overflow_paths
D:4:      minmay_spotlight, layout_cave_pods, grunt_temple_overflow_holy_war
D:5:      layout_basic, lemuel_doored_altar, lemuel_round_altar,
          mainiacjoe_overflow_small_starburst, kennysheep_mini_moat,
          minmay_diced_spiral
D:6:      minmay_chambers_of_sixes, layout_basic
D:7:      layout_basic, mainiacjoe_overflow_six_doors_small,
          minmay_temple_entry_from_below_b
D:8:      layout_loops_ring, mainiacjoe_overflow_alcove_1, enter_bailey_3,
          hangedman_glass_teeth, nicolae_elemental_shop
D:9:      layout_gridville, gammafunk_temple_overflow_statue
D:10:     layout_layer_cave, lair_entry_dummy, orc_0_dummy
D:11:     layout_irregular_city, uniq_josephine
D:12:     layout_roguey, special_room [special_room_orc],
          minmay_misc_feat_doors, hangedman_decor_points
D:13:     minmay_nested_s, layout_rooms, ximxim_vaults_locker_room
Lair:1:   layout_cave_pods, gauntlet_entry_generic, uniq_erica
Lair:2:   layout_misc_corridors, nicolae_swamp_entry_splash_gauntlet,
          grunt_megastairs_3
Lair:3:   layout_gridlike, nicolae_spider_entry_non_spiders
Lair:4:   layout_hall_layers, portal_ice_cave_entry_ice_simulacra,
          kennysheep_rathole
Swamp:1:  gammafunk_worm_tunnel, layout_falls_marsh,
          evilmike_swamp_ruin_rubble_2, swamp_pool4
Orc:1:    layout_caves, basic_altar
Orc:2:    st_orc_town, layout_caves, serial_shops, shop

Skill      XL: |  1  2  3  4  5  6  7  8  9 10 11 12 13 14 |
---------------+-------------------------------------------+-----
Axes           | 2 3 4 5 6 8 10 11 12 14 | 14.0
Shields        | 3 4 5 6 |  6.9
Fighting       | 4 5 6 8 10 12 13 15 | 15.7
Armour         | 3 4 6 7 |  7.3
Dodging        | 1 2 |  2.0
Evocations     | 1 2 3 5 |  5.0
Throwing       | 1 2 |  2.0

Action                     |  1- 3 |  4- 6 |  7- 9 | 10-12 | 13-15 || total
---------------------------+-------+-------+-------+-------+-------++-------
  Melee: War axe           |    55 |       |       |       |       ||    55
         Staff             |    11 |       |       |       |       ||    11
         Flail             |    23 |   112 |   315 |   745 |   485 ||  1680
         Broad axe         |       |       |       |       |   437 ||   437
   Fire: Sling             |       |       |       |     4 |       ||     4
  Throw: Boomerang         |       |     4 |    30 |     5 |       ||    39
         Dart              |       |       |    11 |    96 |    64 ||   171
         Javelin           |       |       |       |     2 |    13 ||    15
         Throwing net      |       |       |       |     1 |       ||     1
 Invoke: Potion Petition   |       |       |     2 |     2 |     2 ||     6
         Bribe Branch      |       |       |       |       |     1 ||     1
  Evoke: Wand              |       |       |     3 |    24 |    14 ||    41
         Box of beasts     |       |       |       |       |     2 ||     2
         Phial of floods   |       |       |       |       |     1 ||     1
    Use: Scroll            |     3 |     4 |     4 |    20 |     7 ||    38
   Stab: Distracted        |       |     1 |     2 |     3 |       ||     6
         Paralysed         |       |       |       |    28 |    14 ||    42
 Armour: Scale mail        |     5 |       |       |       |       ||     5
         Chain mail        |    48 |    23 |       |   316 |   759 ||  1146
         Leather armour    |       |    14 |   100 |    15 |       ||   129
         Ring mail         |       |       |       |    83 |       ||    83
  Dodge: Dodged            |    27 |    34 |   207 |   339 |   442 ||  1049
  Block: Buckler           |     9 |    26 |    80 |   225 |   260 ||   600
         Kite shield       |       |       |       |       |   144 ||   144

Table legend: (Time is in decaauts)
 A = Elapsed time spent in this place.
 B = Non-inter-level travel time spent in this place.
 C = Inter-level travel time spent in this place.
 D = Time resting spent in this place.
 E = Time spent auto-exploring this place.
 F = Levels seen in this place.
 G = Mean time per level.
                   A        B        C        D        E       F      G
               +--------+--------+--------+--------+--------+-----+--------+
         Total |  21044 |  19769 |   1275 |   2116 |   9106 |  23 |  915.0 |
       Dungeon |  12162 |  11506 |    656 |    687 |   6386 |  13 |  935.5 |
          Lair |   4127 |   3633 |    494 |    671 |   1632 |   4 | 1031.8 |
         Swamp |     13 |     13 |      0 |      0 |      0 |   1 |   13.0 |
  Orcish Mines |   2607 |   2483 |    124 |    301 |    711 |   2 | 1303.5 |
        Bailey |    509 |    509 |      0 |    113 |    101 |   1 |  509.0 |
      Ice Cave |   1022 |   1022 |      0 |    207 |    181 |   1 | 1022.0 |
      Gauntlet |    602 |    602 |      0 |    137 |     95 |   1 |  602.0 |
               +--------+--------+--------+--------+--------+-----+--------+

Top non-repeatable levels by time:
  Lair:2: 1593 daAuts
    D:10: 1521 daAuts
   Orc:2: 1449 daAuts
    D:13: 1189 daAuts
     D:6: 1176 daAuts
  Lair:1: 1168 daAuts
  Lair:3: 1161 daAuts
   Orc:1: 1157 daAuts
     D:5: 1089 daAuts
   IceCv: 1022 daAuts
     D:2: 1015 daAuts
     D:9: 927 daAuts
     D:4: 871 daAuts
     D:8: 859 daAuts
    D:11: 758 daAuts
